 Dungeon Crawl Stone Soup version 0.30-a0-622-gddc90eaa04 (webtiles) character file.

Game seed: 3810052282159026151

2464 Dirtsage the Transmogrifier (level 9, -6/66 HPs)
             Began as an Octopode Transmuter on Jan 10, 2023.
             Mangled by Maggie
             ... wielding a +1 heavy war axe
              (9 damage)
             ... on level 6 of the Dungeon.
             The game lasted 00:14:21 (5217 turns).

Dirtsage the Transmogrifier (Octopode Transmuter)   Turns: 5217, Time: 00:14:21

Health: -6/66      AC:  8    Str: 10    XL:     9   Next: 50%
Magic:  6/12       EV: 10    Int: 19    God:
Gold:   52         SH:  0    Dex: 12    Spells: 2/12 levels left

rFire   x . .      SeeInvis .      - Unarmed
rCold   + + +      Faith    +    (shield currently unavailable)
rNeg    . . .      Spirit   .    (helmet currently unavailable)
rPois   +          Reflect  .    e - amulet of faith
rElec   .          Harm     .    (no ring)
rCorr   .          Rampage  .    (no ring)
Will    .....                    (no ring)
Stlth   +                        (no ring)
HPRegen 0.31/turn                (no ring)
MPRegen 0.13/turn                (no ring)
                                 (no ring)
                                 (no ring)

@: ice-form, mesmerised
A: freezing attack, boosted hp, almost no armour, amphibious, 8 rings, large,
(camouflage 1), (gelatinous body 1), (nimble swimmer 1), (tentacles)
a: End Transformation


You were on level 6 of the Dungeon.
You were a creature of crystalline ice.
You visited 1 branch of the dungeon, and saw 6 of its levels.
You also visited: Ossuary.

You collected 260 gold pieces.
You spent 208 gold pieces at shops.

Inventory:

Jewellery
 e - an amulet of faith (around neck)
 I - a ring of protection from cold
Wands
 t - a wand of roots (12)
 u - a wand of charming (6)
Scrolls
 a - 2 scrolls of summoning {unknown}
 f - a scroll of poison
 g - a scroll of fear
 k - 2 scrolls of blinking {unknown}
 m - a scroll of magic mapping
 n - a scroll of enchant weapon
 r - a scroll of fog
 v - 3 scrolls of teleportation {unknown}
 w - 3 scrolls of enchant armour
 x - a scroll of vulnerability
 y - a scroll of noise
Potions
 b - 2 potions of degeneration {unknown}
 c - 3 potions of brilliance
 d - 4 potions of invisibility
 h - a potion of might {unknown}
 j - 2 potions of attraction {unknown}
 l - 2 potions of heal wounds
 o - 2 potions of resistance {unknown}
 p - 2 potions of flight {unknown}
 q - 3 potions of curing
 s - a potion of cancellation {unknown}


   Skills:
 + Level 2.8 Fighting
 - Level 2.0 Dodging
 * Level 5.0 Unarmed Combat
 - Level 2.0 Spellcasting
 - Level 8.0 Transmutations
 - Level 8.0 Ice Magic
 + Level 2.8 Evocations


You had 2 spell levels left.
You knew the following spells:

 Your Spells              Type           Power      Damage    Failure   Level
a - Ice Form              Ice/Tmut       32%        N/A       6%          4
b - Wereblood             Tmut           32%        N/A       1%          2
c - Ozocubu's Armour      Ice            32%        N/A       1%          3
A - Beastly Appendage     Tmut           64%        N/A       1%          1

Your spell library contained the following spells:

 Spells                   Type           Power      Damage    Failure   Level
 Spider Form              Tmut/Pois      17%        N/A       10%         3
 Ignite Poison            Fire/Tmut/Pois 12%        N/A       17%         3
 Kindle Blastsparks       Fire/Tloc/Air  2%         2d10      45%         3
 Freezing Cloud           Conj/Ice/Air   6%         6-21      85%         5
 Ozocubu's Refrigeration  Ice            16%        4d11      99%         7


Dungeon Overview and Level Annotations

Branches:
Dungeon (6/15)            Ossuary (visited)
 Temple: D:4-7

Altars:

Shops:
D:5 !

Annotations:
D:2 Sigmund
D:6 Maggie


Innate Abilities, Weirdness & Mutations

You are a creature of crystalline ice.
You have a powerful freezing melee attack.
Your maximum health is increased.
Your armour is entirely melded.
You are incapable of wielding weapons or throwing items.
You cannot wear most types of armour.
You are amphibious.
You can wear up to eight rings at the same time.
((Your skin changes colour to match your surroundings (Stealth+).))
((Your rubbery body absorbs attacks. (AC +1, EV +1)))
((You are camouflaged when in or above water. (Stealth+)))
((You have tentacles for arms and can constrict up to eight enemies at once.))


Message History

You freeze the bullfrog.
You kill the bullfrog!
Your Unarmed Combat skill increases to level 5!
You punch Maggie! You freeze Maggie.
Maggie is moderately wounded.
Maggie gestures wildly while chanting.
Maggie draws you further into her thrall.
You punch Maggie! You freeze Maggie.
Maggie is moderately wounded.
Maggie hits you with a +1 heavy war axe!
You take 12 damage, and have 54/66 hp.
You barely miss Maggie.
Maggie is moderately wounded.
Maggie hits you with a +1 heavy war axe!
You take 8 damage, and have 46/66 hp.
You punch Maggie! You freeze Maggie.
Maggie is heavily wounded.
You barely miss Maggie.
Maggie is heavily wounded.
Maggie closely misses you.
You hit Maggie but do no damage.
Maggie is heavily wounded.
You hit Maggie. You freeze Maggie.
Maggie is severely wounded.
Maggie barely misses you.
You hit Maggie. You freeze Maggie.
Maggie is severely wounded.
Maggie points at you and mumbles some strange words.
The bolt of fire hits you!!! The fire burns you terribly!
Ouch! That really hurt!
* * * LOW HITPOINT WARNING * * *
The heat melts your icy armour.
You take 45 damage, and have 2/66 hp.
MASSIVE DAMAGE!!
You hit Maggie but do no damage.
Maggie is severely wounded.
You hit Maggie but do no damage.
Maggie is severely wounded.
Your icy armour evaporates.
Maggie hits you with a +1 heavy war axe!
You die... # ~~♣P... #..~~P~F# #P~~P~#.# P~ P~♣PP..
PPPP♣P...

♣~P..#
#.#
#@#
#Y#
#.#
#.#
#.#
#.#
#.#
#.#
#.#
#.#


You could see Maggie (mesmerising, empowered).

Vanquished Creatures
  Pikel (D:4)
  Grinder (D:5)
  A vampire mosquito (D:5)
  Menkaure (D:5)
  An acid dragon (D:5)
  Edmund (D:4)
  A black bear (D:5)
  An ogre (D:5)
  Blork the orc (D:4)
  2 bullfrogs (D:6)
  A necrophage (D:5)
  3 scorpions (D:5)
  3 water moccasin zombies (Ossuary)
  2 jellies
  7 hounds
  3 iguanas
  2 mummies (Ossuary)
  13 adders
  A shadow imp (D:5)
  2 adder zombies (Ossuary)
  2 worms
  A dart slug (D:5)
  2 orcs
  7 endoplasms
  4 giant cockroaches
  4 gnoll zombies (Ossuary)
  5 goblins
  7 hobgoblins
  4 jackals (D:5)
  6 kobolds
  8 quokkas
  7 ball pythons
  6 bats
  3 frilled lizards (D:2)
  4 hobgoblin zombies (Ossuary)
  5 kobold zombies (Ossuary)
  8 orc zombies (Ossuary)
  6 rats
137 creatures vanquished.

Vanquished Creatures (others)
  A plant (D:6)
1 creature vanquished.

Grand Total: 138 creatures vanquished

Notes
Turn   | Place    | Note
-------+----------+-------------------------------------------
     0 | D:1      | Dirtsage the Octopode Transmuter began the quest for the
                  | Orb.
     0 | D:1      | Reached XP level 1. HP: 13/13 MP: 3/3
   106 | D:1      | Reached skill level 1 in Ice Magic
   106 | D:1      | Reached XP level 2. HP: 14/18 MP: 3/5
   609 | D:2      | Reached XP level 3. HP: 17/23 MP: 4/6
   715 | D:2      | Noticed a great orb of eyes
   723 | D:2      | Noticed an eye of devastation
   726 | D:2      | Found a faded altar of an unknown god.
   727 | D:2      | Noticed a golden eye
   727 | D:2      | Noticed a floating eye
  1041 | D:2      | Noticed Sigmund
  1110 | D:2      | Reached XP level 4. HP: 28/28 MP: 7/7
  1940 | D:3      | Learned a level 2 spell: Wereblood
  1945 | D:3      | Learned a level 4 spell: Ice Form
  1991 | D:3      | Reached XP level 5. HP: 30/33 MP: 8/8
  2444 | D:4      | Noticed Edmund
  2535 | D:4      | Killed Edmund
  2536 | D:4      | Reached XP level 6. HP: 38/38 MP: 9/9
  2587 | D:4      | Found a sand-covered staircase.
  2595 | Ossuary  | Entered an ossuary
  2711 | Ossuary  | Reached skill level 5 in Transmutations
  2817 | Ossuary  | Reached XP level 7. HP: 43/43 MP: 4/10
  2989 | D:4      | Reached skill level 5 in Ice Magic
  3155 | D:4      | Noticed Blork the orc
  3162 | D:4      | Killed Blork the orc
  3280 | D:4      | Noticed Pikel
  3292 | D:4      | Killed Pikel
  3293 | D:4      | Reached XP level 8. HP: 44/48 MP: 7/11
  3299 | D:4      | Learned a level 3 spell: Ozocubu's Armour
  3712 | D:5      | Entered Level 5 of the Dungeon
  3830 | D:5      | Reached XP level 9. HP: 53/53 MP: 5/12
  4160 | D:5      | Reached skill level 1 in Evocations
  4435 | D:5      | Noticed Grinder
  4444 | D:5      | Paralysed by Grinder for 3 turns
  4450 | D:5      | Killed Grinder
  4582 | D:5      | Noticed Menkaure
  4589 | D:5      | Killed Menkaure
  4847 | D:5      | Found Qefyllif's Distillery.
  4855 | D:5      | Bought a potion of invisibility for 104 gold pieces
  4855 | D:5      | Bought a potion of heal wounds for 65 gold pieces
  4855 | D:5      | Bought a potion of curing for 39 gold pieces
  5198 | D:6      | Noticed Maggie
  5208 | D:6      | Reached skill level 5 in Unarmed Combat
  5215 | D:6      | HP: 2/66 [Maggie/bolt of fire (45)]
  5217 | D:6      | Mangled by Maggie

Illustrated notes

Levels and vault maps discovered:
D:1:      lemuel_arrival_funnel, layout_rooms, chequers_serial_rivers_small_a
D:2:      layout_basic, hellmonk_ecumenical_altar_watching_god, serial_aquarium,
          aquarium_bridge_square [aquarium_subvault_wall,
          aquarium_subvault_bridge, aquarium_subvault_window,
          aquarium_subvault_bridge], aquarium_window_corner,
          aquarium_window_fake, aquarium_window_fake, aquarium_window_corner,
          aquarium_view_2c, aquarium_view_2d, aquarium_pool_corner,
          grunt_ministairs_2, hex_medium, minmay_misc_feat_diagonals,
          uniq_sigmund
D:3:      layout_rooms, minivault_24, corexii_shack
D:4:      layout_loops_corners, lightli_ossuary_entry_decrepit_ruins,
          uniq_pikel, uniq_blork_the_orc, uniq_edmund
D:5:      cheibrodos_fzero, layout_loops_ring, serial_shops, shop_statue,
          minmay_misc_feat_room, uniq_menkaure, uniq_grinder
D:6:      layout_gridville, serial_bayou_lagoon_a, uniq_maggie

Skill      XL: |  1  2  3  4  5  6  7  8  9 |
---------------+----------------------------+-----
Ice Magic      | 1 2 3 4 6 7 8 |  8.0
Transmutations | 3 4 5 6 8 |  8.0
Evocations     | 2 |  2.8
Fighting       | 2 |  2.8
Unarmed Combat | 5 |  5.0
Dodging        | |  2.0
Spellcasting   | |  2.0

Action                   |  1- 3 |  4- 6 |  7- 9 || total
-------------------------+-------+-------+-------++-------
Melee: Unarmed           |    82 |   129 |   172 ||   383
       Constrict         |    19 |    34 |     4 ||    57
       Tentacles         |    13 |    26 |     2 ||    41
       Kick              |    11 |    28 |     2 ||    41
       Punch             |       |     6 |     1 ||     7
 Cast: Beastly Appendage |    13 |    14 |     2 ||    29
       Wereblood         |       |     3 |     2 ||     5
       Ice Form          |       |     1 |    15 ||    16
       Ozocubu's Armour  |       |       |     6 ||     6
  Use: Potion            |       |     1 |       ||     1
       Scroll            |       |       |     8 ||     8
 Stab: Sleeping          |     6 |     4 |       ||    10
Armor: Skin              |    13 |    31 |    52 ||    96
Dodge: Dodged            |    48 |    65 |    53 ||   166

Table legend: (Time is in decaauts)
 A = Elapsed time spent in this place.
 B = Non-inter-level travel time spent in this place.
 C = Inter-level travel time spent in this place.
 D = Time resting spent in this place.
 E = Time spent auto-exploring this place.
 F = Levels seen in this place.
 G = Mean time per level.
                   A        B        C        D        E       F      G
               +--------+--------+--------+--------+--------+-----+--------+
         Total |   5193 |   4973 |    220 |    125 |   3837 |   7 |  741.9 |
       Dungeon |   4878 |   4658 |    220 |     80 |   3691 |   6 |  813.0 |
       Ossuary |    315 |    315 |      0 |     45 |    146 |   1 |  315.0 |
               +--------+--------+--------+--------+--------+-----+--------+

Top non-repeatable levels by time:
     D:5: 1268 daAuts
     D:2: 1238 daAuts
     D:4: 1174 daAuts
     D:1: 532 daAuts
     D:3: 530 daAuts
 Ossuary: 315 daAuts
     D:6: 134 daAuts
